cohdb
Replays
Latest Replays
All Replays
Popular Replays
Top Player Replays
Match Explorer
How It Works
Community
CoH3 Stats
Reddit
Sign in to upload your games and track your stats! →
Sign in with Steam
Match 43491103
Unlisted
Match 43491103
Overview
Messages
Build Orders
End
Pioneer Squad
Construct Infanterie Kompanie
Selects Breakthrough Battlegroup
Selects Assault Grenadiers
Grenadier Squad
Grenadier Squad
Grenadier Squad
Construct Luftwaffe Kompanie
Selects Rapid Production
221 Scout Car
MG 42 Machine Gun Team
Infanterie Officer Quarters
Selects Breakthrough
Selects Mechanized Assault Group
Mechanized Assault Group
Construct Panzer Kompanie
MG 42 Machine Gun Team
Panzer IV Medium Tank
Medical Bunker
Selects Blitzkrieg
Selects Panzer IV Command Tank Sd.Kfz. 161/1
Panzer IV Medium Tank
Side Skirts
咚咚锵个腿
DieHard
0
0
Comments
sign in to comment!
No comments posted yet!